 Dungeon Crawl Stone Soup version 0.17.0-24-gcfadda4 (webtiles) character file.

566 Ordine the Grappler (level 7, -3/57 HPs)
             Began as a Naga Transmuter on Nov 16, 2015.
             Killed from afar by Dowan (23 damage)
             ... with a shard of ice
             ... on level 4 of the Dungeon.
             The game lasted 00:11:49 (6975 turns).

Ordine the Grappler (Naga Transmuter)               Turns: 6975, Time: 00:11:50

Health: -3/57      AC:  6    Str: 12    XL:     7   Next: 32%
Magic:  10/10      EV: 10    Int: 16    God:
Gold:   220        SH:  0    Dex: 11    Spells: 2 memorised, 1 level left

rFire  . . .     SeeInvis +       - Unarmed
rCold  . . .     Clarity  .     b - +0 robe
rNeg   . . .     SustAt   .     (no shield)
rPois  +         Gourm    .     (no helmet)
rElec  .         Spirit   .     a - +0 cloak (curse)
rCorr  .         Warding  .     k - +1 pair of gloves
rMut   .         Stasis   .     (no barding)
MR     .....                    (no amulet)
Stlth  +.........               (no ring)
                                (no ring)

@: very slow, not resistant to hostile enchantments, very unstealthy
A: see invisible, deformed body, poison resistance, slowness 2, slow metabolism
1, spit poison 2, AC +2
a: Spit Poison


You were on level 4 of the Dungeon.
You were not hungry.

You visited 2 branches of the dungeon, and saw 5 of its levels.

You collected 220 gold pieces.

Inventory:

Hand Weapons
 q - a +0 short sword
Armour
 a - a cursed +0 cloak (worn)
 b - a +0 robe (worn)
 f - a cursed +0 leather armour
 g - a +0 leather armour of magic resistance
 k - a +1 pair of gloves (worn)
Jewellery
 p - an uncursed ring of stealth {unknown}
Wands
 e - a wand of fireball (4)
Scrolls
 j - 2 scrolls of teleportation
Potions
 h - a potion of resistance {unknown}
 l - a potion of heal wounds
 n - a potion of curing {unknown}
 o - a potion of brilliance
Books
 c - a book of Changes

   Spells                             Type                      Level
   a - Beastly Appendage              Transmutation                1
   b - Sticks to Snakes               Transmutation                2
   c - Spider Form                    Transmutation/Poison         3
   d - Ice Form                       Ice/Transmutation            4
   e - Blade Hands                    Transmutation                5
Comestibles
 d - 5 bread rations
 i - a royal jelly
 m - 2 chunks of flesh


   Skills:
 - Level 1.0 Fighting
 - Level 1.5 Dodging
 + Level 8.2 Unarmed Combat
 - Level 2.0 Spellcasting
 - Level 2.0 Transmutations


You had one spell level left.
You knew the following spells:

 Your Spells              Type           Power        Failure   Level  Hunger
a - Blade Hands           Trmt           #.........   99%         5    ######.
b - Ice Form              Ice/Trmt       #.......     96%         4    #####..


Dungeon Overview and Level Annotations

Branches:
Dungeon (4/15)             Temple (1/1) D:4

Altars:
Dithmenos
Elyvilon
Fedhas
Kikubaaqudgha
Nemelex Xobeh
Ru
Trog
Vehumet
Xom
Yredelemnul
Zin
The Shining One

Annotations:
D:4 Dowan


Innate Abilities, Weirdness & Mutations

You cannot wear boots.
Your serpentine skin is tough (AC +2).
You have supernaturally acute eyesight.
Armour fits poorly on your strangely shaped body.
Your system is resistant to poisons.
You cover ground very slowly.
You have a slow metabolism.
You can spit poison.


Message History

You hit Duvessa.
Duvessa is almost dead.
Duvessa hits you with a short sword!
You punch Duvessa!
You kill Duvessa!
You hear a distant wail of despair.
Your Unarmed Combat skill increases to level 8!
No target in view!
You start resting.
Dowan is nearby!
Dowan shouts!
Dowan seems to find hidden reserves of power!
Dowan hits you but does no damage.
Things that are here:
a short sword; the elf corpse of Duvessa
q - a short sword Dowan hits you with a dagger.
Dowan points at you and mumbles some strange words.
The shard of ice hits you!
You die...

. +......+........#
.##......##.......#
..................######
.#......................
............<###........
##..........####..♣♣♣...
.'...............♣#
##..........####.♣
#....####### ##@♣#
#....# #..e♣ ######
#......... .....♣♣♣...
....+.♣# ♣ #....#.♣
........♣ .........
..... #(.


You could see Dowan.

Vanquished Creatures
  The ghost of Ordine the Changer, an amateur NaTm (D:3)
  Duvessa (D:4)
  A crimson imp (D:3)
  A centaur skeleton (D:4)
  Crazy Yiuf (D:2)
  Ijyb (D:2)
  A hound (D:4)
  Jessica (D:2)
  An iguana (D:4)
  5 adders
  An ooze (D:4)
  An adder skeleton (D:4)
  5 worms
  6 giant geckos
  3 ball pythons
  A giant cockroach (D:2)
  9 goblins
  4 hobgoblins
  3 jackals (D:1)
  9 kobolds
  6 bats
  2 giant newts
  9 rats
73 creatures vanquished.

Notes
Turn   | Place    | Note
--------------------------------------------------------------
     0 | D:1      | Ordine the Naga Transmuter began the quest for the Orb.
     0 | D:1      | Reached XP level 1. HP: 18/18 MP: 3/3
   436 | D:1      | Reached XP level 2. HP: 13/25 MP: 5/5
  1636 | D:1      | Reached skill level 4 in Unarmed Combat
  2205 | D:2      | Noticed Ijyb
  2215 | D:2      | HP: 1/25 [Ijyb/dagger (4)]
  2216 | D:2      | Killed Ijyb
  2216 | D:2      | Reached XP level 3. HP: 1/31 MP: 6/6
  2504 | D:2      | Found a faded altar to an unknown god.
  2891 | D:2      | Noticed Jessica
  2900 | D:2      | Killed Jessica
  2900 | D:2      | Reached skill level 5 in Unarmed Combat
  2900 | D:2      | Reached XP level 4. HP: 33/38 MP: 7/7
  3756 | D:2      | Found a shimmering altar of Xom.
  3816 | D:2      | Noticed Crazy Yiuf
  3829 | D:2      | Killed Crazy Yiuf
  3829 | D:2      | Reached XP level 5. HP: 23/44 MP: 8/8
  4578 | D:3      | Reached skill level 6 in Unarmed Combat
  4842 | D:3      | Noticed Ordine's ghost (amateur NaTm)
  4848 | D:3      | Learned a level 5 spell: Blade Hands
  5293 | D:3      | Killed Ordine's ghost
  5293 | D:3      | Reached skill level 7 in Unarmed Combat
  5293 | D:3      | Reached XP level 6. HP: 22/51 MP: 4/9
  5803 | D:3      | Learned a level 4 spell: Ice Form
  5960 | D:4      | Noticed Duvessa
  5960 | D:4      | Noticed Dowan
  6146 | D:4      | Found a staircase to the Ecumenical Temple.
  6180 | Temple   | Entered the Ecumenical Temple
  6734 | D:4      | Reached XP level 7. HP: 43/57 MP: 10/10
  6969 | D:4      | Killed Duvessa
  6969 | D:4      | Reached skill level 8 in Unarmed Combat
  6975 | D:4      | Killed from afar by Dowan

Action                   |  1- 3 |  4- 6 |  7- 9 || total
-------------------------+-------+-------+-------++-------
Melee: Unarmed           |   119 |   254 |    32 ||   405
Evoke: Wand              |       |     1 |       ||     1
  Use: Scroll            |     7 |     6 |       ||    13
       Potion            |     1 |     4 |       ||     5
 Stab: Sleeping          |     3 |     1 |       ||     4
  Eat: Chunk             |     4 |    10 |       ||    14
